 Dungeon Crawl Stone Soup version bcrawl-1.35.4c (webtiles) character file.

Game seed: 10410917833715710404

359352 Baz the Basher (level 11, -3/124 HPs)
             Began as an Ent Gladiator on Feb 27, 2022.
             Was an Elder of Okawaru.
             Slain by a two-headed ogre
             ... wielding a +0 giant spiked club
              (6 damage)
             ... on level 9 of the Dungeon.
             The game lasted 00:21:08 (8957 turns).

Baz the Basher (Ent Gladiator)                      Turns: 8957, Time: 00:21:08

Health: -3/124     AC: 19    Str: 26    XL:     11   Next: 3%
Magic:  15/15      EV: 14    Int: 10    God:    Okawaru [****..]
Gold:   429        SH:  0    Dex: 14    Spells: 10/10 levels left

rFire    . . .     SeeInvis .   a - +0 flail
rCold    . . .     Gourm    .   (no shield)
rNeg     + + +     Faith    .   (armour unavailable)
rPois    +         Spirit   .   b - +1 hat
rElec    .         Reflect  .   (no cloak)
rCorr    .                      (gloves unavailable)
MR       +....                  (boots unavailable)
Stlth    +.........             (no amulet)
HPRegen  0.30/turn              k - +5 ring of strength
MPRegen  0.14/turn              (no ring)

@: very slow
A: large, slow actions, passwall, strong branches, negative energy resistance 3,
poison resistance, slow metabolism 1, torment resistance, unbreathing, AC +18
a: Passwall, Heroism, Renounce Religion


You were on level 9 of the Dungeon.
You worshipped Okawaru.
Okawaru was greatly pleased with you.
You were hungry.

You visited 2 branches of the dungeon, and saw 10 of its levels.
You also visited: Ossuary.

You collected 526 gold pieces.
You spent 97 gold pieces at shops.

Inventory:

Hand Weapons
 a - a +0 flail (weapon)
 C - a +0 giant club
 G - a +0 giant spiked club
Missiles
 c - 4 throwing nets {=f}
Armour
 b - a +1 hat (worn)
 m - a +0 medium shield
 A - a +0 cloak
Jewellery
 k - a +5 ring of strength (left hand)
 o - an uncursed ring of ice
 H - an uncursed amulet of regeneration {unknown}
Wands
 w - a wand of paralysis (12)
 y - a wand of polymorph (12)
 B - a wand of enslavement (25)
 D - a wand of flame (11)
 K - a wand of random effects (7)
Scrolls
 f - 4 scrolls of amnesia
 g - 9 scrolls of remove curse
 h - 6 scrolls of immolation
 i - 10 scrolls of identify
 l - 6 scrolls of teleportation
 r - 3 scrolls of fear
 u - a scroll of blinking {unknown}
 v - 3 scrolls of magic mapping {unknown}
 x - 2 scrolls of enchant weapon
 F - a scroll of vulnerability {unknown}
 J - 3 scrolls of enchant armour {unknown}
Potions
 j - 3 potions of agility
 n - 2 potions of curing
 p - a potion of resistance {unknown}
 q - a potion of magic {unknown}
 s - 2 potions of mutation {unknown}
 t - 2 potions of lignification {unknown}
 z - 3 potions of might {unknown}
Miscellaneous
 I - a lightning rod (3/4)
Comestibles
 e - 15 rations {!d}
 E - 19 chunks of flesh


   Skills:
 + Level 9.5 Fighting
 * Level 13.6 Maces & Flails
 - Level 1.5 Throwing
 + Level 8.0 Dodging
 + Level 6.1 Invocations


You had 10 spell levels left.
You didn't know any spells.
Your spell library contained the following spells:

 Spells                   Type           Power        Failure   Level  Hunger
 Shock                    Conj/Air       #....        36%         1    None
 Swiftness                Chrm/Air       #.......     50%         2    ####...
 Static Discharge         Air            #.......     75%         3    #####..
 Airstrike                Air            #.........   98%         4    ######.
 Lightning Bolt           Conj/Air       #.........   100%        5    #######


Dungeon Overview and Level Annotations

Branches:
Dungeon (9/12)             Temple (1/1) D:5
   Lair: D:7-9          Orc: D:8-11

Altars:
Ashenzari
Cheibriados
Dithmenos
Elyvilon
Fedhas
Gozag
Hepliaklqana
Kikubaaqudgha
Lugonu
Makhleb
Nemelex Xobeh
Okawaru
Qazlal
Ru
Sif Muna
Trog
Uskayaw
Vehumet
Wu Jian
Xom
Yredelemnul
Zin
The Shining One
Beogh

Shops:
D:5 ?   D:9 %

Annotations:
D:6 2 transporters, Prince Ribbit; exe1's ghost, novice EnAc
D:7 3 runed translucent doors, izumii3's ghost, novice NaSk


Innate Abilities, Weirdness & Mutations

You move and act slowly.
You can pass through walls and trees.
Your branches can wield two-handed weapons with a shield.
Your thick bark is tough. (AC +18)
You are too large for most types of armour.
You are immune to negative energy. (rN+++)
Your system is resistant to poisons. (rPois)
You have a slow metabolism.
You are immune to unholy pain and torment.
You can survive without breathing.


Message History

* * * LOW HITPOINT WARNING * * *
The two-headed ogre hits you with a +0 dire flail!
* * * LOW HITPOINT WARNING * * *
The orc priest barely misses you.
No path to travel!
You sock the two-headed ogre!
The two-headed ogre is almost dead.
The orc priest closely misses you.
The two-headed ogre hits you with a +0 giant spiked club.
* * * LOW HITPOINT WARNING * * *
The two-headed ogre hits you but does no damage.
No path to travel!
You barely miss the two-headed ogre.
The two-headed ogre is almost dead.
The orc priest hits you with a +0 dagger.
* * * LOW HITPOINT WARNING * * *
The two-headed ogre hits you with a +0 giant spiked club!!
* * * LOW HITPOINT WARNING * * *
The two-headed ogre hits you with a +0 dire flail.
You die...

#...>.....##.......
#.................. ..
#..##.............. ...
#....##...##.#...#.
....##..## #..)#.##...#
#.....#.#.## #))..# ...#
#.# #..#.......###.).##
..#.. #.#
#..#..#.#O.÷......# .##.
#.# #..#..##o@.#).#.#.# #.#
#..#..###...#..∩..# #.#
#..#..# #)###.#.### #.#
#..#..###.# #....#
#.###..#..##..####...#
####......#..#.#.........
..........................
###########################


You could see a two-headed ogre and an orc priest.

Vanquished Creatures
  A two-headed ogre (D:9)
  2 trolls
  Grinder (D:3)
  A spriggan (D:7)
  5 yaks (D:8)
  2 hungry ghosts
  Eustachio (D:6)
  A steam dragon (D:9)
  2 wargs (D:9)
  A crocodile (D:7)
  2 water moccasins
  A sky beast (D:7)
  2 ice beasts
  A black bear (D:6)
  A phantom (D:8)
  An ogre (D:7)
  A necrophage (D:9)
  4 centaurs
  A big kobold (D:6)
  5 bullfrogs
  3 elf zombies (Ossuary)
  Blork the orc (D:4)
  A water moccasin skeleton (D:8)
  4 scorpions
  3 howler monkeys
  5 orc priests
  7 crimson imps
  2 quasits
  A bullfrog zombie (D:5)
  10 centaur zombies
  5 hounds
  3 bullfrog skeletons
  Natasha (thrice) (D:4)
  An iguana (D:5)
  9 orc wizards
  7 worker ants
  A killer bee zombie (D:6)
  3 mummies (Ossuary)
  Robin (D:2)
  A worker ant zombie (D:9)
  4 gnolls (D:8)
  9 adders
  2 shadow imps
  An ooze (D:3)
  An adder zombie (D:5)
  A worm (D:4)
  5 dart slugs
  7 leopard geckos
  38 orcs
  9 bats
  6 giant cockroaches
  8 goblins
  9 hobgoblins
  6 jackals
  3 quokkas
  A ball python (D:2)
  9 frilled lizards
  13 kobolds
  17 rats
256 creatures vanquished.

Vanquished Creatures (others)
  An unseen horror (D:9)
  A giant cockroach (D:4)
2 creatures vanquished.

Grand Total: 258 creatures vanquished

Notes
Turn   | Place    | Note
-------+----------+-------------------------------------------
     0 | D:1      | Baz the Ent Gladiator began the quest for the Orb.
     0 | D:1      | Reached XP level 1. HP: 25/25 MP: 1/1
   148 | D:1      | Reached skill level 4 in Maces & Flails
   148 | D:1      | Reached XP level 2. HP: 33/33 MP: 2/2
   938 | D:2      | Reached XP level 3. HP: 40/40 MP: 3/3
  1131 | D:2      | Noticed Robin
  1160 | D:2      | Killed Robin
  1271 | D:2      | Reached skill level 5 in Maces & Flails
  1271 | D:2      | Reached XP level 4. HP: 51/51 MP: 4/4
  1849 | D:3      | Noticed Grinder
  2011 | D:3      | Reached XP level 5. HP: 6/58 MP: 5/5
  2262 | D:3      | Reached skill level 6 in Maces & Flails
  2441 | D:3      | Paralysed by Grinder for 3 turns
  2454 | D:3      | Killed Grinder
  2455 | D:3      | Reached XP level 6. HP: 70/70 MP: 6/6
  2645 | D:4      | Reached skill level 5 in Fighting
  2645 | D:4      | Reached skill level 7 in Maces & Flails
  2717 | D:4      | Reached XP level 7. HP: 71/78 MP: 7/7
  2876 | D:4      | Noticed Blork the orc
  2888 | D:4      | Killed Blork the orc
  2973 | D:4      | Noticed Natasha
  2990 | D:4      | Killed Natasha
  3067 | D:4      | Noticed Natasha
  3074 | D:4      | Reached skill level 8 in Maces & Flails
  3079 | D:4      | Killed Natasha
  3097 | D:4      | Noticed Natasha
  3110 | D:4      | Killed Natasha
  3438 | D:5      | Entered Level 5 of the Dungeon
  3455 | D:5      | Found a staircase to the Ecumenical Temple.
  3563 | D:5      | Reached skill level 5 in Dodging
  3563 | D:5      | Reached XP level 8. HP: 51/89 MP: 8/8
  3588 | D:5      | Reached skill level 9 in Maces & Flails
  3746 | D:5      | Found a sand-covered staircase.
  3752 | Ossuary  | Entered an ossuary
  3937 | Ossuary  | Reached skill level 10 in Maces & Flails
  4123 | D:5      | Found Uhaeronai's Magic Scroll Shoppe.
  4234 | D:5      | Bought a scroll of enchant weapon for 97 gold pieces
  4596 | Temple   | Entered the Ecumenical Temple
  4787 | Temple   | Became a worshipper of Warmaster Okawaru
  5026 | D:6      | Noticed Eustachio
  5037 | D:6      | Reached XP level 9. HP: 96/100 MP: 9/9
  5062 | D:6      | Killed Eustachio
  5232 | D:6      | Noticed Prince Ribbit
  5262 | D:6      | Found a transporter.
  5263 | D:6      | Noticed exe1's ghost (novice EnAc)
  5267 | D:6      | Identified the +9 dire flail "Fynni" {crush, *Noise Int+4
                  | Stlth+}
  5268 | D:6      | Found a transporter.
  5341 | D:6      | Found an opulent altar of Gozag.
  5490 | D:6      | Reached skill level 11 in Maces & Flails
  5904 | D:6      | Reached skill level 1 in Invocations
  6025 | D:7      | Reached * piety under Okawaru
  6521 | D:7      | Reached skill level 12 in Maces & Flails
  6786 | D:7      | Reached ** piety under Okawaru
  6829 | D:7      | Found a runed translucent gate.
  6829 | D:7      | Found a runed translucent gate.
  6831 | D:7      | Found a runed translucent gate.
  6832 | D:7      | Noticed izumii3's ghost (novice NaSk)
  6862 | D:7      | Found a roughly hewn altar of Beogh.
  7222 | D:7      | Reached XP level 10. HP: 108/114 MP: 12/12
  7450 | D:8      | Found a sparkling altar of Nemelex Xobeh.
  7456 | D:8      | Found a glowing silver altar of Zin.
  8095 | D:8      | Reached *** piety under Okawaru
  8257 | D:9      | Noticed a two-headed ogre
  8272 | D:9      | Killed a two-headed ogre
  8273 | D:9      | Reached skill level 13 in Maces & Flails
  8273 | D:9      | Reached skill level 5 in Invocations
  8648 | D:9      | Found Xabaa's Food Emporium.
  8693 | D:9      | Killed an unseen horror
  8803 | D:9      | Reached **** piety under Okawaru
  8818 | D:9      | Reached XP level 11. HP: 98/124 MP: 15/15
  8907 | D:9      | Noticed a two-headed ogre
  8957 | D:9      | HP: 3/124 [two-headed ogre/+0 giant spiked club (18)]
  8957 | D:9      | Slain by a two-headed ogre

Skill      XL: |  1  2  3  4  5  6  7  8  9 10 11 |
---------------+----------------------------------+-----
Maces & Flails | 4 5 6 7 8 10 12 13 | 13.6
Dodging        | 3 4 5 6 7 8 |  8.0
Fighting       | 4 5 6 7 8 9 |  9.5
Invocations    | 3 6 |  6.1
Throwing       | |  1.5

Action                   |  1- 3 |  4- 6 |  7- 9 | 10-12 || total
-------------------------+-------+-------+-------+-------++-------
Melee: Flail             |   115 |   155 |   534 |   344 ||  1148
Invok: Heroism           |       |       |       |     1 ||     1
Evoke: Wand              |       |       |       |     4 ||     4
       Lightning rod     |       |       |       |     1 ||     1
  Use: Potion            |       |     1 |     1 |     3 ||     5
       Scroll            |       |     4 |     2 |       ||     6
 Stab: Sleeping          |     2 |     1 |     1 |     1 ||     5
  Eat: Chunk             |     4 |     8 |    17 |    12 ||    41
       Ration            |       |       |     4 |       ||     4
Armor: Skin              |    90 |   113 |   339 |   238 ||   780
Dodge: Dodged            |    80 |   116 |   458 |   327 ||   981
